 Seeded DCSS version 0.27.1-34-g3ba077fa99 (webtiles) character file.

Game seed: 74894893043 (custom seed)

80 cream7 the Poker (level 4, -1/41 HPs)
             Began as a Minotaur Berserker on Jan 6, 2022.
             Was a Believer of Trog.
             Killed by nerve-wracking pain
             ... invoked by Grinder
              (14 damage)
             ... on level 3 of the Dungeon.
             The game lasted 00:16:43 (1845 turns).

cream7 the Poker (Minotaur Berserker)               Turns: 1845, Time: 00:16:43

Health: -1/41      AC: 11    Str: 23    XL:     4   Next: 18%
Magic:  3/3        EV: 10    Int:  4    God:    Trog [**....]
Gold:   86         SH:  0    Dex:  9    Spells: 3/3 levels left

rFire    . . .     SeeInvis .   a - +0 spear
rCold    . . .     Faith    .   (no shield)
rNeg     . . .     Spirit   .   v - +4 scale mail
rPois    +         Reflect  .   (helmet restricted)
rElec    .         Harm     .   (no cloak)
rCorr    .         Rampage  .   y - +0 pair of gloves
Will     .....                  (no boots)
Stlth    ..........             (no amulet)
HPRegen  0.13/turn              g - ring of poison resistance
MPRegen  0.08/turn              (no ring)

@: no status effects
A: horns 2, retaliatory headbutt
a: Renounce Religion, Berserk, Trog's Hand


You were on level 3 of the Dungeon.
You worshipped Trog.
Trog was pleased with you.
You visited 1 branch of the dungeon, and saw 3 of its levels.

You collected 86 gold pieces.

Inventory:

Hand Weapons
 a - a +0 spear (weapon)
 d - a +0 dagger
 f - a +0 dagger
 h - a +0 whip
 j - a +0 dagger
 k - a +0 club
 q - a +0 falchion
 r - a +0 whip
 s - a +0 dagger
 t - a +0 club
 w - a +0 short sword
 x - a +0 dagger
Missiles
 e - 68 stones (quivered)
 l - 20 bolts
 m - 3 atropa-tipped darts
 u - 14 poisoned darts
 z - 18 arrows
Armour
 b - a +0 animal skin
 v - a +4 scale mail (worn)
 y - a +0 pair of gloves (worn)
Jewellery
 g - a ring of poison resistance (left hand)
Scrolls
 n - 2 scrolls of identify {unknown}
 o - a scroll of vulnerability {unknown}
 p - 2 scrolls of teleportation {unknown}
Potions
 c - a potion of curing {unknown}
 i - a potion of lignification {unknown}


   Skills:
 + Level 4.3 Fighting
 + Level 4.9 Polearms
 + Level 2.7 Armour
 + Level 2.9 Dodging
 + Level 0.1 Stealth


You had 3 spell levels left.
You didn't know any spells.
Your spell library contained the following spells:

 Spells                   Type           Power      Damage    Failure   Level
 Beastly Appendage        Tmut           0%         N/A       82%         1
 Freeze                   Ice            0%         1d3       82%         1
 Wereblood                Tmut           0%         N/A       91%         2
 Frozen Ramparts          Ice            0%         1d2       99%         3
 Spider Form              Tmut/Pois      0%         N/A       99%         3
 Hailstorm                Conj/Ice       0%         3d3       100%        4


Dungeon Overview and Level Annotations

Branches:
Dungeon (3/15)

Altars:

Annotations:
D:3 Grinder


Innate Abilities, Weirdness & Mutations

You have a pair of horns on your head.
You reflexively headbutt those who attack you in melee.


Message History

Grinder blinks!
Grinder blinks!
Grinder blinks!
You hit the endoplasm.
The endoplasm is heavily wounded.
Grinder gestures at you. Pain shoots through your body!
The endoplasm freezes you.
You are frozen.
Your scale mail prevents you from hitting the endoplasm.
You headbutt the endoplasm.
You kill the endoplasm!
Trog accepts your kill.
The kobold hits you but does no damage. x2
The kobold misses you. The kobold hits you but does no damage.
Grinder says, "Tell me all your secrets, or I'll kill you."
The kobold closely misses you. The kobold hits you but does no damage.
You barely miss Grinder.
Grinder is lightly wounded.
Grinder hits you but does no damage.
The kobold hits you but does no damage. x2
You hit Grinder. Your headbutt misses Grinder.
Grinder is lightly wounded.
Grinder says, "Mostly I couldn't keep them alive."
Grinder barely misses you. You furiously retaliate!
You headbutt Grinder! The kobold hits you but does no damage.
You barely miss Grinder.
Grinder is moderately wounded.
The kobold closely misses you. Grinder hits you.
You writhe in agony.
The kobold closely misses you.
You closely miss Grinder.
Grinder is moderately wounded.
The kobold hits you with a +0 short sword.
* * * LOW HITPOINT WARNING * * *
Grinder blinks!
The kobold barely misses you.
Drop what? 26/52 slots (_ for help) (? for menu, Esc to quit)
Okay, then.
The kobold hits you but does no damage. Grinder gestures at you.
Pain shoots through your body!
You die...

#....##.#.#
#######'#+##
........!..#
...........#
...........###.
...............
............###
............###
......K@K......
...........####
...........+
...........#
...5.......+
...........#
#+##########


You could see Grinder and 2 kobolds.

Vanquished Creatures
  3 adders
  2 worms
  5 bats
  5 endoplasms
  A giant cockroach (D:2)
  4 goblins
  3 hobgoblins
  3 jackals (D:2)
  2 quokkas (D:2)
  4 ball pythons
  2 frilled lizards
  7 kobolds
  4 rats
45 creatures vanquished.

Notes
Turn   | Place    | Note
-------+----------+-------------------------------------------
     0 | D:1      | cream7 the Minotaur Berserker began the quest for the Orb.
     0 | D:1      | Reached XP level 1. HP: 19/19 MP: 0/0
   406 | D:1      | Reached XP level 2. HP: 27/27 MP: 1/1
   576 | D:1      | Found a faded altar of an unknown god.
   943 | D:2      | Reached XP level 3. HP: 24/33 MP: 2/2
  1550 | D:3      | Reached ** piety under Trog
  1565 | D:3      | Reached XP level 4. HP: 40/40 MP: 3/3
  1824 | D:3      | Noticed Grinder
  1845 | D:3      | Killed from afar by Grinder

Illustrated notes

Levels and vault maps discovered:
D:1:      nagdon_arrival_zigzag_paths, layout_basic,
          shapermc_ecumenical_altar_venn
D:2:      layout_rooms, grunt_decor_resistance
D:3:      layout_basic, uniq_grinder

Skill      XL: |  1  2 |
---------------+-------+-----
Polearms       | 4 |  4.9
Fighting       | 4 |  4.3
Armour         | |  2.7
Dodging        | |  2.9
Stealth        | |  0.1

Action                   |  1- 3 |  4- 6 || total
-------------------------+-------+-------++-------
Melee: Spear             |    59 |    24 ||    83
       Headbutt          |     7 |     2 ||     9
Armor: Animal skin       |     7 |       ||     7
       Scale mail        |     2 |    14 ||    16
Dodge: Dodged            |    56 |    18 ||    74
